 Dungeon Crawl Stone Soup version 0.30-a0-737-gf23d94013f (webtiles) character file.

Game seed: 10081368902709690663

71 jimonade the Sneak (level 4, 0/26 HPs)
             Began as a Deep Elf Brigand on Feb 2, 2023.
             Slain by a gnoll
             ... wielding a +0 whip
              (5 damage)
             ... on level 1 of the Dungeon.
             The game lasted 00:02:19 (1034 turns).

jimonade the Sneak (Deep Elf Brigand)               Turns: 1034, Time: 00:02:20

Health: 0/26       AC:  4    Str:  8    XL:     4   Next: 5%
Magic:  6/6        EV: 12    Int: 16    God:
Gold:   63         SH:  0    Dex: 18    Spells: 3/3 levels left

rFire   . . .      SeeInvis .    a - +0 short sword (elec)
rCold   . . .      Faith    .    (no shield)
rNeg    . . .      Spirit   .    b - +0 robe
rPois   .          Reflect  .    (no helmet)
rElec   .          Harm     .    c - +0 cloak
rCorr   .          Rampage  .    (no gloves)
Will    .....                    f - +0 pair of boots
Stlth   +++                      (no amulet)
HPRegen 0.24/turn                (no ring)
MPRegen 0.10/turn                (no ring)

@: no status effects
A: no striking features
a: no special abilities


You were on level 1 of the Dungeon.
You visited 1 branch of the dungeon, and saw 2 of its levels.

You collected 63 gold pieces.

Inventory:

Hand Weapons
 a - a +0 short sword of electrocution (weapon)
 g - a +2 dagger
 o - a +0 spear
 q - a +0 sling
Missiles
 d - 9 poisoned darts (quivered)
 e - 3 curare-tipped darts
 n - 20 stones
 p - 6 javelins
Armour
 b - a +0 robe (worn)
 c - a +0 cloak (worn)
 f - a +0 pair of boots (worn)
 m - a +0 leather armour
Scrolls
 j - a scroll of teleportation {unknown}
 k - a scroll of immolation {unknown}
 l - a scroll of summoning {unknown}
 r - a scroll of identify {unknown}
Potions
 h - 2 potions of heal wounds {unknown}
 i - a potion of haste {unknown}


   Skills:
 + Level 1.8 Fighting
 * Level 2.8 Short Blades
 + Level 2.1 Throwing
 + Level 1.6 Dodging
 + Level 6.2 Stealth


You had 3 spell levels left.
You didn't know any spells.
Your spell library contained the following spells:

 Spells                   Type           Power      Damage    Failure   Level
 Necrotise                Necr           0%         1d4       26%         1
 Vampiric Draining        Necr           0%         2d6       58%         3
 Agony                    Necr           0%         N/A       100%        5


Dungeon Overview and Level Annotations

Branches:
Dungeon (2/15)

Altars:


Message History

Found an escape hatch in the floor.
A gnoll comes into view. It is wielding a +0 club.
A gnoll is nearby! 2 gnolls come into view.
The gnoll shouts!
There is a stone staircase leading up here.
The gnoll hits you from afar with a +0 halberd!
Ouch! That really hurt!
There is a stone staircase leading up, spattered with blood here.
The gnoll closely misses you. The gnoll completely misses you.
You climb upwards.
There is a stone staircase leading down here.
You closely miss the gnoll. You completely miss the gnoll.
The gnoll barely misses you.
You hit the gnoll.
The gnoll is moderately wounded.
The gnoll closely misses you.
You barely miss the gnoll.
The gnoll is moderately wounded.
The gnoll barely misses you.
You closely miss the gnoll.
The gnoll is moderately wounded.
The gnoll hits you with a +0 whip.
You hit the gnoll but do no damage.
The gnoll is moderately wounded.
The gnoll closely misses you.
You closely miss the gnoll.
The gnoll is moderately wounded.
The gnoll hits you with a +0 whip.
You barely miss the gnoll.
The gnoll is moderately wounded.
The gnoll closely misses you.
You hit the gnoll.
The gnoll is severely wounded.
The gnoll hits you with a +0 whip.
* * * LOW HITPOINT WARNING * * *
You completely miss the gnoll.
The gnoll is severely wounded.
The gnoll hits you with a +0 whip.
You die...

#####.....# ###......# #....
#.###.....# #>....## #....
#.........# #.#.#.# #...รท
#.###.....# #.#.#.# #....
#.....######## #.....# #....
#.....##.....# ##.)...# #....
#####.##.....# #..#...# ####.
#.##.....###g...#.# ##
#.##.......@....#.##########
###.##.....####.#.#.....#.....
##..........####.#.#####.#...##
#..............#.#.#####.......
##...........#.#.####.##.....##
#........#..#.#.####.##.#.#.#.
#.............#.#.......###.##
#...............#......## #...
#.....#.........#......# ##..


You could see a gnoll.

Vanquished Creatures
  Jessica (D:2)
  A gnoll (D:2)
  2 adders (D:2)
  A dart slug (D:1)
  2 endoplasms (D:2)
  A giant cockroach (D:2)
  2 goblins (D:1)
  A hobgoblin (D:1)
  A kobold (D:1)
  A quokka (D:1)
  2 ball pythons
  2 bats
  A rat (D:2)
18 creatures vanquished.

Notes
Turn   | Place    | Note
-------+----------+-------------------------------------------
     0 | D:1      | jimonade the Deep Elf Brigand began the quest for the Orb.
     0 | D:1      | Reached XP level 1. HP: 12/12 MP: 3/3
   140 | D:1      | Reached skill level 5 in Stealth
   210 | D:1      | Reached XP level 2. HP: 14/16 MP: 4/4
   697 | D:2      | Noticed Jessica
   702 | D:2      | Killed Jessica
   703 | D:2      | Reached XP level 3. HP: 21/21 MP: 5/5
   750 | D:2      | Reached skill level 6 in Stealth
   966 | D:2      | Reached XP level 4. HP: 25/26 MP: 6/6
  1034 | D:1      | Slain by a gnoll

Illustrated notes

Levels and vault maps discovered:
D:1:      sevenhm_arrival_forest_fort_large_2, layout_basic
D:2:      layout_basic, serial_shops, nicolae_shop_statue_plus, uniq_natasha,
          uniq_jessica

Skill      XL: |  1  2  3 |
---------------+----------+-----
Stealth        | 5 6 |  6.2
Fighting       | |  1.8
Short Blades   | |  2.8
Throwing       | |  2.1
Dodging        | |  1.6

Action                     |  1- 3 |  4- 6 || total
---------------------------+-------+-------++-------
  Melee: Short sword       |    32 |    11 ||    43
         Dagger            |     4 |       ||     4
  Throw: Dart              |     4 |       ||     4
   Stab: Sleeping          |     8 |     1 ||     9
 Armour: Robe              |     9 |       ||     9
  Dodge: Dodged            |    14 |     7 ||    21

Table legend: (Time is in decaauts)
 A = Elapsed time spent in this place.
 B = Non-inter-level travel time spent in this place.
 C = Inter-level travel time spent in this place.
 D = Time resting spent in this place.
 E = Time spent auto-exploring this place.
 F = Levels seen in this place.
 G = Mean time per level.
                   A        B        C        D        E       F      G
               +--------+--------+--------+--------+--------+-----+--------+
         Total |   1028 |    908 |    120 |      0 |    691 |   2 |  514.0 |
       Dungeon |   1028 |    908 |    120 |      0 |    691 |   2 |  514.0 |
               +--------+--------+--------+--------+--------+-----+--------+

Top non-repeatable levels by time:
     D:1: 698 daAuts
     D:2: 329 daAuts
